 Dungeon Crawl Stone Soup version 0.27.0-1-g7a089689b8 (webtiles) character file.

Game seed: 5577153212657548255

18529 ZombieSheep the Grappler (level 12, -19/166 HPs)
             Began as a Troll Monk on Aug 9, 2021.
             Was a High Priest of Nemelex Xobeh.
             Succumbed to a redback's poison
             ... on level 2 of the Lair of Beasts.
             The game lasted 00:23:47 (9127 turns).

ZombieSheep the Grappler (Troll Monk)               Turns: 9127, Time: 00:23:48

Health: -19/166    AC: 26    Str: 22    XL:     12   Next: 28%
Magic:  16/16      EV:  1    Int:  6    God:    Nemelex Xobeh [*****.]
Gold:   722        SH:  0    Dex: 16    Spells: 11/11 levels left

rFire    . . .     SeeInvis +     - Unarmed
rCold    . . .     Faith    .   (no shield)
rNeg     + + +     Spirit   .   (armour currently unavailable)
rPois    +         Reflect  .   (helmet currently unavailable)
rElec    .         Harm     .   (cloak currently unavailable)
rCorr    .         Rampage  .   (gloves unavailable)
Will     .....     NoTele   +   (boots unavailable)
Stlth    ++........             (no amulet)
HPRegen  1.37/turn              x - ring of see invisible
MPRegen  0.15/turn              (no ring)

@: lethally poisoned (-19 -> -95), tree-form
A: stationary, stasis, torment immunity, boosted hp, large, unfitting armour,
(claws 3), regeneration 1, (shaggy fur 1), (tough skin 1)
a: Renounce Religion, Draw Escape, Draw Destruction, Draw Summoning, Triple
Draw, Deal Four, Stack Five


You were on level 2 of the Lair of Beasts.
You worshipped Nemelex Xobeh.
Nemelex Xobeh was extremely pleased with you.
You were a tree.
You visited 3 branches of the dungeon, and saw 13 of its levels.
You also visited: Ossuary.

You collected 722 gold pieces.

Inventory:

Missiles
 s - 2 throwing nets (quivered)
Armour
 d - a +1 tower shield
 e - a scarf of repulsion
 r - the +0 cloak "Bafaotiy" (melded) {Regen+}
   (You acquired it on level 5 of the Dungeon)

   Regen:     It increases your rate of health regeneration.
 u - +0 steam dragon scales
 y - the +1 robe of Ruboamm (melded) {rC++ rCorr Str+3 SInv}
   (You found it on level 9 of the Dungeon)

   Str:       It affects your strength (+3).
   rC:        It greatly protects you from cold.
   SInv:      It lets you see invisible.
   rCorr:     It protects you from acid and corrosion.
 B - +0 acid dragon scales
Jewellery
 a - a ring of resist corrosion
 g - a ring of fire
 k - a +6 ring of strength
 q - a +6 ring of dexterity
 x - a ring of see invisible (left branch)
Wands
 C - a wand of flame (20)
Scrolls
 i - a scroll of enchant armour
 n - 5 scrolls of fog
 o - a scroll of blinking
 t - 4 scrolls of teleportation
 w - 2 scrolls of amnesia
 A - a scroll of enchant weapon
Potions
 b - 5 potions of flight
 c - 2 potions of heal wounds {unknown}
 f - 10 potions of curing
 h - 2 potions of lignification
 j - 3 potions of mutation
 l - 3 potions of brilliance
 m - 3 potions of might
 p - 4 potions of magic
 v - 3 potions of resistance
 z - a potion of ambrosia


   Skills:
 - Level 5.6 Fighting
 - Level 2.4 Dodging
 - Level 1.0 Stealth
 * Level 11.4 Shields
 - Level 11.4 Unarmed Combat
 - Level 7.7 Invocations


You had 11 spell levels left.
You didn't know any spells.
Your spell library contained the following spells:

 Spells                   Type           Power      Damage    Failure   Level
 Corona                   Hex            0%         N/A       45%         1
 Sandblast                Erth           0%         2d4       45%         1
 Ensorcelled Hibernation  Hex/Ice        0%         N/A       58%         2
 Gell's Gravitas          Tloc           0%         N/A       83%         3
 Teleport Other           Tloc           0%         N/A       83%         3
 Tukima's Dance           Hex            0%         N/A       83%         3
 Summon Forest            Summ/Tloc      0%         N/A       100%        5
 Dispersal                Tloc           0%         N/A       100%        6
 Eringya's Noxious Bog    Tmut/Pois      0%         N/A       100%        6
 Summon Hydra             Summ           0%         N/A       100%        7


Dungeon Overview and Level Annotations

Branches:
Dungeon (10/15)            Temple (1/1) D:4            Lair (2/6) D:10
    Orc (0/2) D:10        Ossuary (visited)
  Swamp: Lair:2-4    Shoals: Lair:2-4     Snake: Lair:2-4    Spider: Lair:2-4

Altars:
Ashenzari
Cheibriados
Dithmenos
Elyvilon
Fedhas
Gozag
Hepliaklqana
Kikubaaqudgha
Makhleb
Nemelex Xobeh
Okawaru
Qazlal
Ru
Sif Muna
Trog
Uskayaw
Vehumet
Wu Jian
Xom
Yredelemnul
Zin
The Shining One

Shops:
D:3 (

Annotations:
D:6 2 transporters, SweetAndFullOfGrace's ghost, novice TrFE
Lair:1 exclusion: oklob plant


Innate Abilities, Weirdness & Mutations

You are a tree.
Your roots penetrate the ground, keeping you stationary.
You cannot be teleported.
You are immune to unholy pain and torment.
Your maximum health is greatly increased.
Your equipment is partially melded.
You are too large for most types of armour.
((You have claws for hands.))
Your natural rate of healing is unusually fast.
((You are covered in fur. (AC +1)))
((You have tough skin. (AC +1)))


Message History

The jumping spider leaps!
The redback completely misses you.
You feel yourself speed up.
You feel extremely sick. The redback bites you!
Being near the torpor snail leaves you feeling lethargic.
You barely miss the redback.
You feel very sick.
The redback bites you but does no damage.
The redback bites you!
You barely miss the redback.
You feel very sick. The redback barely misses you.
The jumping spider leaps!
The redback bites you.
Unknown command.
You feel very sick.
The jumping spider leaps!
The redback bites you.
You feel very sick.
The jumping spider leaps! x2; The redback misses you.
The redback completely misses you.
You feel sick.
The jumping spider leaps!
The torpor snail bites you!! The redback closely misses you.
You draw a card...
You have drawn the Swarm.
You feel sick. The redback bites you.
You are more poisoned.
The redback poisons you! The jumping spider closely misses you.
The jumping spider bites you.
* * * LOW HITPOINT WARNING * * *
The torpor snail bites you!!
* * * LOW HITPOINT WARNING * * *
The redback bites you.
* * * LOW HITPOINT WARNING * * *
You are more poisoned.
The redback poisons you!
The jumping spider leaps!
Unknown command.
You turn into a tree.
The +0 cloak "Bafaotiy" {Regen+} melds into your body.
The +1 robe of Ruboamm {rC++ rCorr Str+3 SInv} melds into your body.
Your roots penetrate the ground.
You feel yourself speed up.
You die...
Your body glows with a rainbow of weird colours and disappears.

....#.. ##.P. #.....##
....P...P#...... #......#
................##.....##
.................#.....#
....#....#......#......# .
....#...##..#....#.....#### .
....#....#.+..#+#......##.######.
.#.##...........°................
..............y.♣s...............
........†........w......°...†.†..
...........................°.....
........##.#.#....#...s..........
........###.###.###..............
#.###....#....).......#.#..###...
##.###...#...........##..[#..##..
....#P............#..##........$.
....#P...#(........#.##.......#..


You could see a torpor snail, a jumping spider, a redback (ally target) and a
friendly killer bee (summoned, slow).

Vanquished Creatures
  3 hydras
  3 two-headed ogres
  2 death yaks (Lair:1)
  A black mamba (Lair:2)
  Joseph (D:9)
  6 cane toads
  2 komodo dragons (Lair:2)
  Grinder (D:6)
  Prince Ribbit (D:6)
  7 blink frogs
  A redback (Lair:2)
  A shadow (D:10)
  A wraith (D:9)
  2 wyverns
  15 yaks
  A basilisk (Lair:2)
  A steam dragon (D:7)
  2 wargs (D:10)
  A naga (D:6)
  2 acid dragons (D:10)
  3 water moccasins (Lair:2)
  An orc warrior (D:9)
  An ice beast (D:8)
  A sky beast (D:5)
  2 necrophages (D:4)
  2 ogres
  A wolf (D:6)
  3 phantoms
  A centaur (D:6)
  2 kobold brigands
  7 bullfrogs
  2 wyvern zombies
  12 scorpions
  2 water moccasin skeletons
  7 killer bees (D:10)
  3 howler monkeys
  9 wights
  6 centaur zombies
  A jelly (D:7)
  2 centaur skeletons
  3 orc priests
  2 gnoll shamans
  3 human zombies (Ossuary)
  Crazy Yiuf (D:6)
  5 scorpion zombies (Ossuary)
  2 iguanas
  7 orc wizards
  3 mummies (Ossuary)
  A howler monkey zombie (D:10)
  10 gnolls
  4 adders
  A white imp (D:6)
  4 worms
  A dart slug (D:4)
  23 orcs
  4 ball pythons
  3 bats
  6 endoplasms
  2 giant cockroaches
  10 goblins
  3 hobgoblins
  4 jackals (D:2)
  4 quokkas
  3 frilled lizards
  A gnoll zombie (Ossuary)
  2 goblin zombies (Ossuary)
  A hobgoblin zombie (Ossuary)
  14 kobolds
  3 kobold zombies (Ossuary)
  4 orc zombies (Ossuary)
  21 rats
277 creatures vanquished.

Vanquished Creatures (others)
  A kobold (D:7)
  8 fungi
  6 plants
15 creatures vanquished.

Grand Total: 292 creatures vanquished

Notes
Turn   | Place    | Note
-------+----------+-------------------------------------------
     0 | D:1      | ZombieSheep the Troll Monk began the quest for the Orb.
     0 | D:1      | Reached XP level 1. HP: 22/22 MP: 0/0
    70 | D:1      | Reached XP level 2. HP: 29/29 MP: 1/1
   822 | D:2      | Reached XP level 3. HP: 25/36 MP: 2/2
   950 | D:2      | Found a faded altar of an unknown god.
   957 | D:2      | Got Plato's Guide on the Mountains
  1307 | D:3      | Found Gaomicw's Weapon Boutique.
  1491 | D:3      | Reached XP level 4. HP: 45/45 MP: 3/3
  1578 | D:3      | Reached skill level 5 in Unarmed Combat
  1578 | D:3      | Reached XP level 5. HP: 47/53 MP: 4/4
  2114 | D:4      | Found a staircase to the Ecumenical Temple.
  2121 | D:4      | Noticed an ogre
  2125 | D:4      | Identified the +10 long sword "Epnuotuk" {speed, Str+4}
  2168 | D:4      | Killed an ogre
  2169 | D:4      | Reached XP level 6. HP: 40/62 MP: 5/5
  2391 | Temple   | Entered the Ecumenical Temple
  2411 | Temple   | Became a worshipper of Nemelex Xobeh the Trickster
  2411 | Temple   | Reached * piety under Nemelex Xobeh
  2411 | Temple   | Received a gift from Nemelex Xobeh
  2411 | Temple   | Reached ** piety under Nemelex Xobeh
  2747 | D:4      | Reached skill level 1 in Invocations
  2811 | D:4      | Found a stormy altar of Qazlal.
  2812 | D:4      | Found a sacrificial altar of Ru.
  2818 | D:4      | Reached XP level 7. HP: 70/70 MP: 6/6
  2822 | D:4      | Found an ornate altar of the Wu Jian Council.
  2995 | D:5      | Entered Level 5 of the Dungeon
  3354 | D:5      | Reached XP level 8. HP: 77/79 MP: 7/9
  3393 | D:5      | Reached skill level 5 in Fighting
  3764 | D:5      | Reached *** piety under Nemelex Xobeh
  3771 | D:5      | Identified a scroll of acquirement
  3771 | D:5      | Acquired the +0 cloak "Bafaotiy" {Regen+}
  3858 | D:6      | Found an iron altar of Okawaru.
  4066 | D:6      | Found the +7 sceptre of Torment {pain, torment}
  4119 | D:6      | Found a sand-covered staircase.
  4127 | D:6      | Noticed a queen bee
  4135 | D:6      | Noticed Prince Ribbit
  4160 | D:6      | Killed Prince Ribbit
  4167 | Ossuary  | Entered an ossuary
  4213 | Ossuary  | Reached skill level 1 in Shields
  4213 | Ossuary  | Reached XP level 9. HP: 88/88 MP: 11/11
  4224 | Ossuary  | Received a gift from Nemelex Xobeh
  4535 | D:6      | Noticed Duvessa
  4535 | D:6      | Noticed Dowan
  4537 | D:6      | Noticed Duvessa
  4537 | D:6      | Duvessa changed into Duvessa the wolf
  4537 | D:6      | Noticed Dowan
  4537 | D:6      | Dowan changed into Dowan the naga
  4543 | D:6      | Killed Duvessa the wolf
  4549 | D:6      | Killed Dowan the naga
  4550 | D:6      | Reached skill level 5 in Invocations
  4571 | D:6      | Found a transporter.
  4572 | D:6      | Noticed Grinder
  4592 | D:6      | Killed Grinder
  4653 | D:6      | Found a transporter.
  4679 | D:6      | Found a runed translucent door.
  4680 | D:6      | Noticed Crazy Yiuf
  4684 | D:6      | Killed Crazy Yiuf
  4713 | D:6      | Noticed SweetAndFullOfGrace's ghost (novice TrFE)
  4788 | D:6      | Received a gift from Nemelex Xobeh
  5098 | D:7      | Reached skill level 10 in Unarmed Combat
  5236 | D:7      | Received a gift from Nemelex Xobeh
  5244 | D:7      | Reached **** piety under Nemelex Xobeh
  5319 | D:7      | Reached skill level 5 in Shields
  5319 | D:7      | Reached XP level 10. HP: 93/96 MP: 13/13
  5892 | D:9      | Noticed Joseph
  5919 | D:9      | Killed Joseph
  5953 | D:9      | Received a gift from Nemelex Xobeh
  6042 | D:9      | Identified the +7 spear "Kudill" {distort, rCorr}
  6134 | D:9      | Found a flagged portal.
  6248 | D:9      | Identified the +1 robe of Ruboamm {rC++ rCorr Str+3 SInv}
  6281 | D:9      | Noticed a two-headed ogre
  6296 | D:9      | Killed a two-headed ogre
  6723 | D:10     | Entered Level 10 of the Dungeon
  6779 | D:10     | Found a staircase to the Lair.
  6914 | D:10     | Noticed a two-headed ogre
  6923 | D:10     | HP: 2/95 [two-headed ogre (19)]
  6938 | D:10     | Noticed a two-headed ogre
  6961 | D:10     | Killed a two-headed ogre
  6966 | D:10     | Killed a two-headed ogre
  6967 | D:10     | Reached XP level 11. HP: 70/104 MP: 15/15
  7026 | D:10     | Found a staircase to the Orcish Mines.
  7284 | Lair:1   | Entered Level 1 of the Lair of Beasts
  7284 | Lair:1   | Received a gift from Nemelex Xobeh
  7409 | Lair:1   | Noticed a seven-headed hydra
  7412 | Lair:1   | Killed a seven-headed hydra
  7518 | Lair:1   | Reached ***** piety under Nemelex Xobeh
  7668 | Lair:1   | Noticed an oklob plant
  8318 | Lair:2   | Received a gift from Nemelex Xobeh
  8455 | Lair:2   | Noticed a death yak
  8457 | Lair:2   | Noticed a death yak
  8517 | Lair:1   | Killed a death yak
  8518 | Lair:1   | Reached skill level 10 in Shields
  8661 | Lair:1   | Killed a death yak
  8764 | Lair:2   | Reached XP level 12. HP: 72/111 MP: 16/16
  8959 | Lair:2   | Noticed a four-headed hydra
  8961 | Lair:2   | Killed a four-headed hydra
  9095 | Lair:2   | Noticed a five-headed hydra
  9101 | Lair:2   | Killed a five-headed hydra
  9126 | Lair:2   | HP: 5/111 [redback (6)]
  9127 | Lair:2   | Succumbed to a redback's poison

Illustrated notes

Levels and vault maps discovered:
D:1:      dpeg_arrival_yet_another_circle, layout_basic
D:2:      layout_rooms, shapermc_ecumenical_altar_rom_forum, minmay_diced_spiral
D:3:      layout_basic, serial_shops, nicolae_shop_stone, minmay_rat_hole
D:4:      layout_loops_cross, chequers_temple_overflow_statue_of_worship,
          minmay_temple_entry_arrows
D:5:      layout_loops_corners
D:6:      layout_cave_pods, mainiacjoe_overflow_chevrons, gammafunk_ghost_hive,
          nicolae_ossuary_entry_monument, uniq_duvessa, uniq_prince_ribbit1,
          uniq_crazy_yiuf_cottage, uniq_grinder
D:7:      layout_cave_pools, serial_park
D:8:      layout_basic, uniq_grum
D:9:      layout_long_grid, enter_bailey_3, uniq_joseph
D:10:     layout_rooms, lair_entry_dummy, david_orc_3,
          minmay_fractal_squares_gapless_5
Temple:   nicolae_temple_no_exploring_needed
Lair:1:   layout_cave_pods, minmay_lair_oklob_items
Lair:2:   layout_regular_city, spider_nest_entry_a

Skill      XL: |  1  2  3  4  5  6  7  8  9 10 11 12 |
---------------+-------------------------------------+-----
Unarmed Combat | 4 5 6 8 9 10 11 | 11.4
Fighting       | 3 4 5 |  5.6
Invocations    | 1 2 4 5 7 |  7.7
Shields        | 1 5 7 10 11 | 11.4
Dodging        | |  2.4
Stealth        | |  1.0

Action                   |  1- 3 |  4- 6 |  7- 9 | 10-12 || total
-------------------------+-------+-------+-------+-------++-------
Melee: Unarmed           |    88 |   134 |   265 |   383 ||   870
       Punch             |     1 |     4 |    18 |    28 ||    51
Invok: Draw Destruction  |       |       |     1 |    10 ||    11
       Draw Summoning    |       |       |       |     1 ||     1
  Use: Scroll            |     5 |     2 |    13 |     4 ||    24
       Potion            |       |       |       |     1 ||     1
 Stab: Sleeping          |     1 |     2 |       |     2 ||     5
Armor: Robe              |    19 |    28 |    76 |    38 ||   161
       Steam dragon scal |       |       |     7 |    40 ||    47
Dodge: Dodged            |    25 |    69 |   118 |   155 ||   367
